 Dungeon Crawl Stone Soup version 0.19.0 (webtiles) character file.

9961 gg19 the Quickloader (level 11, -10/76 HPs)
             Began as a Centaur Hunter on Nov 10, 2016.
             Was a High Priest of Okawaru.
             Killed by Ozocubu's Refrigeration
             ... invoked by Fannar
              (21 damage)
             ... on level 11 of the Dungeon.
             The game lasted 00:42:18 (17980 turns).

gg19 the Quickloader (Centaur Hunter)              Turns: 17980, Time: 00:42:18

Health: -10/76     AC: 12    Str: 19    XL:     11   Next: 29%
Magic:  11/11      EV:  4    Int: 10    God:    Okawaru [*****.]
Gold:   573        SH:  0    Dex:  9    Spells: 0 memorised, 10 levels left

rFire  + . .     SeeInvis .     a - +2 hand crossbow
rCold  . . .     Gourm    .     k - +0 plate armour
rNeg   . . .     Faith    .     (no shield)
rPois  .         Spirit   .     (helmet restricted)
rElec  .         Reflect  .     (no cloak)
rCorr  .         Harm     .     e - +1 pair of gloves
MR     .....                    (no barding)
Stlth  ..........               (no amulet)
                                u - ring of protection from fire
                                (no ring)

@: very slightly contaminated, very quick
A: beak, claws 1, hooves 3, horns 1, deformed body, speed 2, frail 2, screaming
1, tough skin 3
a: Heroism, Finesse, Renounce Religion


You were on level 11 of the Dungeon.
You worshipped Okawaru.
Okawaru was extremely pleased with you.
You were not hungry.

You visited 2 branches of the dungeon, and saw 12 of its levels.
You also visited: Bailey.

You collected 805 gold pieces.
You spent 232 gold pieces at shops.

Inventory:

Hand Weapons
 a - a +2 hand crossbow (weapon)
 b - the +9 war axe of Hagruyrgh {chaos, rC+}
   (You found it on level 4 of the Dungeon)

   Each time it hits an enemy it has a different, random effect.
   It protects you from cold.
 y - a +0 club
 M - a +0 blowgun
 O - the +2 whip of Responsibility {elec, *Corrode rF+ rC- rN+++ Str+3}
   (You bought it in a shop on level 11 of the Dungeon)

   Occasionally, upon striking a foe, it will discharge some electrical energy
   and cause terrible harm.
   It affects your strength (+3).
   It protects you from fire.
   It makes you vulnerable to cold.
   It renders you almost immune to negative energy.
   It may corrode you when you take damage.
Missiles
 d - 76 bolts (quivered)
 N - 10 poisoned needles
Armour
 c - a +0 leather armour
 e - a +1 pair of gloves (worn)
 k - a +0 plate armour (worn)
 n - a +0 crystal plate armour
 p - +0 steam dragon scales
 H - a +0 buckler
Jewellery
 u - a ring of protection from fire (right hand)
 K - a cursed amulet of inaccuracy {unknown}
Wands
 o - a wand of confusion (19/48)
 r - a wand of acid (9/15)
 v - a wand of digging (9/24)
 A - a wand of hasting (5/9)
 C - a wand of lightning (8/15)
 G - a wand of confusion (9/48)
 L - a wand of flame (20/48)
Scrolls
 g - 2 scrolls of identify
 j - a scroll of amnesia
 m - 2 scrolls of teleportation
 w - 7 scrolls of remove curse
 E - a scroll of enchant weapon
 F - a scroll of fog
 I - a scroll of fear {unknown}
Potions
 h - 3 potions of agility
 i - 2 potions of lignification
 l - a potion of haste
 q - 8 potions of flight
 x - 3 potions of brilliance
 z - a potion of berserk rage
 B - 2 potions of might
Books
 t - a book of Minor Magic

   Spells                             Type                      Level
   a - Magic Dart                     Conjuration                  1
   b - Blink                          Translocation                2
   c - Call Imp                       Summoning                    2
   d - Repel Missiles                 Charms/Air                   2
   e - Slow                           Hexes                        2
   f - Conjure Flame                  Conjuration/Fire             3
   g - Mephitic Cloud                 Conjuration/Poison/Air       3
Comestibles
 f - 7 bread rations
 s - 6 fruits
 D - 2 meat rations
 P - a beef jerky


   Skills:
 + Level 8.5 Fighting
 - Level 6.3(6.6) Axes
 + Level 2.5(4.8) Maces & Flails
 * Level 13.1 Crossbows
 + Level 5.6 Armour
 - Level 1.3 Dodging
 - Level 0.4 Stealth


You had 10 spell levels left.
You didn't know any spells.

Dungeon Overview and Level Annotations

Branches:
Dungeon (11/15)            Temple (1/1) D:5            Lair (0/6) D:10
    Orc (0/2) D:10

Altars:
Ashenzari
Cheibriados
Dithmenos
Elyvilon
Fedhas
Gozag
Hepliaklqana
Kikubaaqudgha
Makhleb
Nemelex Xobeh
Okawaru
Qazlal
Ru
Sif Muna
Trog
Uskayaw
Vehumet
Xom
Yredelemnul
Zin
The Shining One

Shops:
D:6 (   D:10 [   D:11 (

Annotations:
D:1 Natasha
D:11 Fannar


Innate Abilities, Weirdness & Mutations

You have hooves in place of feet.
Armour fits poorly on your strangely shaped body.
You cover ground very quickly.
You have extremely tough skin. (AC +3)
You have a beak for a mouth.
You have sharp fingernails.
You have a pair of small horns on your head.
You are very frail. (-20% HP)
You occasionally shout uncontrollably at your foes.


Message History

d - 75 bolts (gained 1)
d - 76 bolts (gained 1)
a - a +2 hand crossbow (weapon)
You start resting.
Your extra speed is starting to run out.
You start resting.
You feel yourself slow down.
You start resting.
Fannar gestures wildly while chanting.
Fannar drains the heat from the surrounding environment!
You feel very cold.
* * * LOW HITPOINT WARNING * * *
Fannar is frozen.
Fannar resists.
Fannar is lightly wounded.
Fannar gestures wildly while chanting.
Fannar blinks!
Fannar gestures wildly while chanting.
Fannar drains the heat from the surrounding environment!
You feel very cold.
You die...

#####..............#
#.....$....................###
#.............................
#...............##############
#...............#
#...............##############
#.....e.......................
#.............................
#...ยง........@................
#..##################.........
#..##################.........
#.>...........e...............
#..............)..............
#..........)................).
#..........)..)......#########
#..........)...(....(.......
#...............((..........


You could see Fannar.

Vanquished Creatures
  2 orc knights
  A deep elf mage (D:11)
  A gargoyle (D:9)
  A troll (D:11)
  Prince Ribbit (D:7)
  3 hippogriffs
  A wyvern (D:11)
  9 yaks
  A hungry ghost (D:10)
  A steam dragon (D:10)
  Menkaure (D:7)
  A soldier ant (D:11)
  A water moccasin (D:9)
  9 orc warriors
  3 sky beasts
  4 ice beasts
  2 black bears
  3 centaurs (D:7)
  5 ogres
  A crocodile (D:7)
  3 big kobolds
  A gnoll sergeant (D:7)
  9 bullfrogs
  A water moccasin zombie (D:11)
  A water moccasin skeleton (D:10)
  2 killer bees (D:8)
  3 howler monkeys (D:9)
  6 crimson imps
  A centaur zombie (D:6)
  A bullfrog zombie (D:5)
  7 orc wizards
  A centaur skeleton (D:2)
  6 hounds
  Crazy Yiuf (D:7)
  3 orc priests
  A bullfrog skeleton (D:4)
  3 gnoll shamans
  5 iguanas
  Jessica (D:3)
  Natasha (D:1)
  7 worker ants
  A hound skeleton (D:11)
  Robin (D:1)
  A worker ant zombie (D:9)
  16 gnolls
  A gnoll (shapeshifter) (D:9)
  15 adders
  4 shadow imps
  An ooze (D:1)
  An adder zombie (D:10)
  2 worms
  5 leopard geckos
  37 orcs
  A ball python (D:2)
  6 giant cockroaches
  18 goblins
  22 hobgoblins
  4 jackals (D:10)
  33 kobolds
  4 quokkas
  8 bats
  9 frilled lizards
  A jackal skeleton (D:5)
  A jackal zombie (D:7)
  A leopard gecko zombie (D:6)
  A quokka skeleton (D:7)
  7 rats
316 creatures vanquished.

Vanquished Creatures (others)
  A yak (D:9)
  A bullfrog (D:7)
  A plant (D:7)
3 creatures vanquished.

Grand Total: 319 creatures vanquished

Notes
Turn   | Place    | Note
-------+----------+-------------------------------------------
     0 | D:1      | gg19 the Centaur Hunter began the quest for the Orb.
     0 | D:1      | Reached XP level 1. HP: 17/17 MP: 1/1
   223 | D:1      | Reached XP level 2. HP: 25/25 MP: 2/2
   519 | D:2      | Noticed Robin
   534 | D:1      | Reached skill level 5 in Crossbows
   829 | D:1      | Reached XP level 3. HP: 23/30 MP: 3/3
  1792 | D:2      | Noticed Natasha
  1887 | D:1      | Killed Natasha
  1887 | D:1      | Reached XP level 4. HP: 19/38 MP: 4/4
  2123 | D:2      | Found a glowing silver altar of Zin.
  2191 | D:2      | Found a snail-covered altar of Cheibriados.
  2191 | D:2      | Found a hide-covered altar of Uskayaw.
  2193 | D:2      | Found a basalt altar of Yredelemnul.
  2193 | D:2      | Found an opulent altar of Gozag.
  2206 | D:2      | Reached skill level 6 in Crossbows
  2629 | D:2      | Reached XP level 5. HP: 43/45 MP: 5/5
  2698 | D:3      | Noticed Jessica
  3669 | D:1      | Killed Robin
  4296 | D:1      | Noticed Natasha
  5255 | D:3      | Reached skill level 1 in Maces & Flails
  5504 | D:3      | Killed Jessica
  5504 | D:3      | Reached XP level 6. HP: 52/52 MP: 6/6
  6335 | D:4      | Found a shattered altar of Ashenzari.
  6408 | D:4      | Got a pitted war axe
  6409 | D:4      | Identified the +9 war axe of Hagruyrgh {chaos, rC+} (You found it on level 4 of the Dungeon)
  6555 | D:5      | Entered Level 5 of the Dungeon
  6653 | D:4      | Reached skill level 7 in Crossbows
  6850 | D:5      | Reached XP level 7. HP: 45/60 MP: 7/7
  6979 | D:5      | Reached skill level 1 in Axes
  6979 | D:5      | Reached skill level 1 in Armour
  7537 | D:5      | Reached skill level 8 in Crossbows
  7585 | D:5      | Found a staircase to the Ecumenical Temple.
  7594 | Temple   | Entered the Ecumenical Temple
  7726 | Temple   | Became a worshipper of Warmaster Okawaru
  7759 | D:5      | Reached skill level 5 in Fighting
  7970 | D:6      | Found a sparkling altar of Nemelex Xobeh.
  8013 | D:6      | Reached XP level 8. HP: 54/68 MP: 8/8
  8194 | D:6      | Found Zyidgh's Antique Weapon Shop.
  8237 | D:6      | Gained mutation: You have sharp fingernails. [mutagenic meat]
  8866 | D:7      | Noticed Prince Ribbit
  8920 | D:7      | Killed Prince Ribbit
  8920 | D:7      | Reached * piety under Okawaru
  8920 | D:7      | Reached skill level 9 in Crossbows
  9499 | D:7      | Reached ** piety under Okawaru
  9499 | D:7      | Reached XP level 9. HP: 41/75 MP: 9/9
 10016 | D:7      | Found a hazy altar of Hepliaklqana.
 10030 | D:7      | Noticed Menkaure
 10034 | D:7      | Killed Menkaure
 10034 | D:7      | Reached skill level 10 in Crossbows
 10637 | D:7      | Gained mutation: You occasionally shout uncontrollably at your foes. [mutagenic meat]
 10640 | D:7      | Gained mutation: You have a beak for a mouth. [mutagenic meat]
 10641 | D:7      | Gained mutation: You have a pair of small horns on your head. [mutagenic meat]
 10650 | D:7      | Found a runed door.
 10668 | D:7      | Noticed Crazy Yiuf
 10688 | D:7      | Killed Crazy Yiuf
 11485 | D:7      | Found a burning altar of Makhleb.
 11485 | D:7      | Noticed a blizzard demon
 11547 | D:8      | Reached *** piety under Okawaru
 11886 | D:8      | Reached skill level 11 in Crossbows
 12110 | D:8      | Found a white marble altar of Elyvilon.
 12220 | D:8      | Found a shimmering altar of Xom.
 12282 | D:9      | Found a flagged portal.
 12439 | Bailey   | Entered a bailey
 12568 | Bailey   | Noticed an orc knight
 12583 | Bailey   | Reached skill level 5 in Axes
 12583 | Bailey   | Reached XP level 10. HP: 86/86 MP: 10/10
 12836 | Bailey   | Killed an orc knight
 12836 | Bailey   | Reached **** piety under Okawaru
 13971 | D:9      | Reached skill level 12 in Crossbows
 14119 | D:9      | Found a stormy altar of Qazlal.
 14453 | D:8      | HP: 3/88 [killer bee (8)]
 14592 | D:9      | Reached ***** piety under Okawaru
 15076 | D:9      | Found a deep blue altar of Sif Muna.
 15150 | D:9      | Reached skill level 5 in Armour
 15306 | D:10     | Entered Level 10 of the Dungeon
 15310 | D:10     | Noticed a gargoyle
 15324 | D:9      | Killed a gargoyle
 15885 | D:10     | Received a gift from Okawaru
 15966 | D:10     | Found a staircase to the Lair.
 16030 | D:10     | Found a staircase to the Orcish Mines.
 16030 | D:10     | Found Sorox's Armour Shoppe.
 16030 | D:10     | Noticed an orc knight
 16040 | D:10     | Reached XP level 11. HP: 89/94 MP: 11/11
 16141 | D:10     | Killed an orc knight
 17010 | D:11     | Found Meastrurgh's Antique Weapon Boutique.
 17018 | D:11     | Bought a pitted whip for 232 gold pieces
 17018 | D:11     | Identified the cursed +2 whip of Responsibility {elec, *Corrode rF+ rC- rN+++ Str+3} (You bought it in a shop on level 11 of the Dungeon)
 17070 | D:11     | Gained mutation: You are frail. (-10% HP) [mutagenic meat]
 17072 | D:11     | Gained mutation: You are very frail. (-20% HP) [mutagenic meat]
 17706 | D:11     | Reached skill level 13 in Crossbows
 17837 | D:11     | Noticed Fannar
 17840 | D:11     | Noticed a deep elf mage
 17906 | D:11     | Killed a deep elf mage
 17980 | D:11     | Killed from afar by Fannar

Skill      XL: |  1  2  3  4  5  6  7  8  9 10 11 |
---------------+----------------------------------+-----
Crossbows      | 5 6 7 8 9 11 12 13 | 13.1
Fighting       | 3 4 5 6 7 8 |  8.5
Maces & Flails | 1 2 |  2.5
Axes           | 2 3 5 6 |  6.3
Armour         | 1 3 4 5 |  5.6
Dodging        | |  1.3
Stealth        | |  0.4

Action                   |  1- 3 |  4- 6 |  7- 9 | 10-12 || total
-------------------------+-------+-------+-------+-------++-------
Melee: Club              |    81 |   303 |       |       ||   384
       Kick              |    12 |    74 |    49 |    53 ||   188
       War axe           |       |    15 |   252 |   198 ||   465
       Peck              |       |       |    13 |    37 ||    50
       Headbutt          |       |       |    10 |    38 ||    48
       Whip              |       |       |       |    45 ||    45
 Fire: Hand crossbow     |    29 |    21 |    73 |   119 ||   242
  Use: Scroll            |     6 |     5 |     9 |     2 ||    22
       Potion            |     4 |     2 |       |    11 ||    17
 Stab: Paralysed         |       |       |     1 |     1 ||     2
       Petrifying        |       |       |     1 |       ||     1
       Confused          |       |       |       |     1 ||     1
  Eat: Chunk             |     3 |    14 |    22 |    12 ||    51
       Beef jerky        |       |       |       |     2 ||     2
       Royal jelly       |       |       |       |     1 ||     1
       Fruit             |       |       |       |     1 ||     1
Armor: Leather armour    |    56 |   135 |    87 |    49 ||   327
       Plate armour      |       |       |       |    74 ||    74
       Steam dragon scal |       |       |       |     2 ||     2
Dodge: Dodged            |    67 |   189 |   111 |   109 ||   476
